 Dungeon Sprint DCSS version bcrawl-1.20.1 (webtiles) character file.

Game seed: 3873673882966466991

71 Freyura the Agent of Entropy (level 4, 0/38 HPs)
             Began as a Demonspawn Abyssal Knight on Jan 24, 2020.
             Was a Priest of Lugonu.
             Succumbed to an adder's poison
             ... in the Dungeon (Sprint IX: "|||||||||||||||||||||||||||||").
             The game lasted 00:01:03 (202 turns).

Freyura the Agent of Entropy (DsAK)                  Turns: 202, Time: 00:01:04

Health: 0/38       AC:  3    Str: 13    XL:     4   Next: 5%
Magic:  7/7        EV: 12    Int: 13    God:    Lugonu [***...]
Gold:   0          SH:  0    Dex: 13    Spells: 3/3 levels left

rFire    . . .     SeeInvis .   a - +1 mace
rCold    . . .     Gourm    .   (no shield)
rNeg     . . .     Faith    .   b - +0 leather armour
rPois    .         Spirit   .   (helmet restricted)
rElec    .         Reflect  .   (no cloak)
rCorr    .         Harm     .   (no gloves)
MR       .....     NoTele   +   (no boots)
Stlth    +.........             (no amulet)
HPRegen  0.12/turn              (no ring)
MPRegen  0.10/turn              (no ring)

@: lethally poisoned (0 -> -1)
A: antennae 1
a: Bend Space, Banish, Renounce Religion


You were in the Dungeon.
You worshipped Lugonu.
Lugonu was most pleased with you.
You were not hungry.

You visited 1 branch

Inventory:

Hand Weapons
 a - a +1 mace (weapon)
Missiles
 c - 10 tomahawks of dispersal (quivered)
 d - 40 stones
Armour
 b - a +0 leather armour (worn)
Scrolls
 k - a scroll of blinking
Potions
 h - a potion of haste
 i - 2 potions of magic
Comestibles
 e - a ration {!d}


   Skills:
 + Level 4.3 Fighting
 * Level 4.5 Maces & Flails
 - Level 0.8 Throwing
 + Level 3.3 Armour
 + Level 2.9 Dodging
 + Level 4.9 Invocations


You had 3 spell levels left.
You didn't know any spells.
Your spell library was empty.

Dungeon Overview and Level Annotations

Branches:
Dungeon (1/1)

Altars:
Cheibriados
Dithmenos
Elyvilon
Fedhas
Gozag
Hepliaklqana
Kikubaaqudgha
Lugonu
Makhleb
Nemelex Xobeh
Okawaru
Qazlal
Ru
Sif Muna
Trog
Uskayaw
Vehumet
Wu Jian
Xom
Yredelemnul
Zin
The Shining One
Beogh
Jiyva


Innate Abilities, Weirdness & Mutations

You have a pair of small antennae on your head.


Message History

Found an ornate altar of the Wu Jian Council.
There is an iron altar of Okawaru here.
Found a shimmering altar of Xom.
There is a stormy altar of Qazlal here.
* * * LOW HITPOINT WARNING * * *
You feel sick.
Found a basalt altar of Yredelemnul.
There is a sacrificial altar of Ru here.
Found a glowing silver altar of Zin.
There is a shimmering blue altar of Sif Muna here.
Found a glowing golden altar of the Shining One.
There is a bloodstained altar of Trog here.
There is a hide-covered altar of Uskayaw here.
* * * LOW HITPOINT WARNING * * *
You feel sick.
There is a radiant altar of Vehumet here.
There is an ornate altar of the Wu Jian Council here.
There is a shimmering altar of Xom here.
There is a basalt altar of Yredelemnul here.
You die...

▓+▓
▓_▓
▓@▓
▓_▓
▓_▓
▓_▓
▓_▓
▓_▓
▓_▓
▓_▓
▓_▓


There were no monsters in sight!

Vanquished Creatures
  A jelly (D)
  3 adders (D)
  An ooze (D)
  A leopard gecko (D)
  A jackal (D)
  3 kobolds (D)
10 creatures vanquished.

Notes
Turn   | Place    | Note
-------+----------+-------------------------------------------
     0 | D        | Freyura the Demonspawn Abyssal Knight began the quest for
                  | the Orb.
     0 | D        | Reached XP level 1. HP: 18/18 MP: 2/2
     5 | D        | Reached skill level 1 in Dodging
    11 | D        | Reached ** piety under Lugonu
    16 | D        | Gained mutation: You have a pair of small antennae on your
                  | head. [demonic ancestry]
    16 | D        | Reached XP level 2. HP: 14/24 MP: 2/4
   135 | D        | Reached XP level 3. HP: 30/30 MP: 4/6
   156 | D        | Reached *** piety under Lugonu
   171 | D        | Reached XP level 4. HP: 15/38 MP: 7/7
   178 | D        | Found a roughly hewn altar of Beogh.
   178 | D        | Found a snail-covered altar of Cheibriados.
   178 | D        | Found a shadowy altar of Dithmenos.
   178 | D        | Found a white marble altar of Elyvilon.
   178 | D        | Found a blossoming altar of Fedhas.
   178 | D        | Found an opulent altar of Gozag.
   179 | D        | Found a hazy altar of Hepliaklqana.
   180 | D        | Found a viscous altar of Jiyva.
   181 | D        | Found an ancient bone altar of Kikubaaqudgha.
   182 | D        | Found a corrupted altar of Lugonu.
   183 | D        | Found a burning altar of Makhleb.
   184 | D        | Found a sparkling altar of Nemelex Xobeh.
   185 | D        | Found an iron altar of Okawaru.
   186 | D        | Found a stormy altar of Qazlal.
   187 | D        | Found a sacrificial altar of Ru.
   188 | D        | Found a shimmering blue altar of Sif Muna.
   189 | D        | Found a bloodstained altar of Trog.
   190 | D        | Found a hide-covered altar of Uskayaw.
   191 | D        | Found a radiant altar of Vehumet.
   192 | D        | Found an ornate altar of the Wu Jian Council.
   193 | D        | Found a shimmering altar of Xom.
   194 | D        | Found a basalt altar of Yredelemnul.
   194 | D        | HP: 1/38 [poisoned by an adder]
   195 | D        | Found a glowing silver altar of Zin.
   196 | D        | Found a glowing golden altar of the Shining One.
   202 | D        | Succumbed to an adder's poison

Skill      XL: |  1  2  3 |
---------------+----------+-----
Maces & Flails | 2 3 4 |  4.5
Dodging        | 1 2 |  2.9
Armour         | 2 3 |  3.3
Invocations    | 3 4 |  4.9
Fighting       | 4 |  4.3
Throwing       | |  0.8

Action                   |  1- 3 |  4- 6 || total
-------------------------+-------+-------++-------
Melee: Mace              |    53 |       ||    53
  Use: Potion            |     3 |       ||     3
Armor: Leather armour    |    13 |       ||    13
Dodge: Dodged            |    41 |       ||    41
